 Dungeon Crawl Stone Soup version 0.20-a0-795-ga03948b (webtiles) character file.

244748 Morrissey the Tortoise (level 18, -9/270 HPs)
             Began as a Minotaur Berserker on Feb 28, 2017.
             Was the Champion of Trog.
             Mangled by an orc knight
             ... wielding a +0 bardiche
              (11 damage)
             ... while paralysed
             ... on level 1 of the Vaults on Mar 1, 2017.
             The game lasted 01:21:53 (36664 turns).

Morrissey the Tortoise (Minotaur Berserker)        Turns: 36664, Time: 01:21:53

Health: -9/270     AC: 18    Str: 29    XL:     18   Next: 74%
Magic:  5/5        EV:  2    Int:  4    God:    Trog [******]
Gold:   3179       SH:  0    Dex: 16    Spells: 17/17 levels left

rFire    . . .     SeeInvis +   a - +9 demon trident (antimagic)
rCold    + . .     Gourm    .   v - +0 ring mail {rPois}
rNeg     . . .     Faith    +   y - +2 buckler
rPois    +         Spirit   .   N - +1 hat
rElec    .         Reflect  .   Q - scarf {rC+}
rCorr    .         Harm     .   i - +0 pair of gloves
MR       +....                  X - +0 pair of boots
Stlth    ..........             I - amulet of faith
Regen    0.6/turn               T - ring of see invisible
MPRegen  0.1/turn               C - +4 ring of protection

@: paralysed, berserking, fainting
A: retaliatory headbutt, horns 2
}: 2/15 runes: decaying, serpentine
a: Berserk, Trog's Hand, Brothers in Arms, Burn Spellbooks, Renounce Religion


You were on level 1 of the Vaults.
You worshipped Trog.
Trog was exalted by your worship.
You were fainting.

You visited 6 branches of the dungeon, and saw 31 of its levels.
You also visited: Volcano.

You collected 3359 gold pieces.
You spent 180 gold pieces at shops.

Inventory:

Hand Weapons
 a - a +9 antimagic demon trident (weapon)
 b - the +8 trident of the Octopus King {venom, rElec rPois MR+}
   (Trog gifted it to you on level 6 of the Lair of Beasts)

   It poisons the flesh of those it strikes.
   It insulates you from electricity.
   It protects you from poison.
   It affects your resistance to hostile enchantments.
 p - a +1 demon trident of electrocution
 R - a +2 antimagic glaive
Missiles
 e - 2 throwing nets (quivered)
Armour
 i - a +0 pair of gloves (worn)
 v - a +0 ring mail of poison resistance (worn)
 y - a +2 buckler (worn)
 N - a +1 hat (worn)
 Q - a scarf of cold resistance (worn)
 X - a +0 pair of boots (worn)
Jewellery
 t - an uncursed ring of protection from magic
 C - a +4 ring of protection (left hand)
 I - an amulet of faith (around neck)
 T - a ring of see invisible (right hand)
Wands
 f - a wand of digging (17/24)
 j - a wand of digging (16/24)
 E - a wand of scattershot (5/9)
 F - a wand of iceblast (5/15)
 G - a wand of acid (7/15)
 K - a wand of lightning (13/15)
 L - a wand of iceblast (6/15)
 O - a wand of iceblast (6/15)
 P - a wand of iceblast (8/15)
 V - a wand of paralysis (10/24)
 Z - a wand of acid (1/15)
Scrolls
 d - 3 scrolls of fear
 h - 9 scrolls of teleportation
 k - 10 scrolls of remove curse
 q - 3 scrolls of magic mapping
 A - 2 scrolls of fog
 B - a scroll of recharging
 D - 2 scrolls of silence
 J - 2 scrolls of enchant armour
 M - a scroll of holy word
Potions
 l - 16 potions of curing
 m - 3 potions of invisibility
 n - 8 potions of berserk rage
 o - 7 potions of magic
 r - 3 potions of might
 s - 3 potions of haste
 u - 2 potions of brilliance
 w - 2 potions of cancellation
 x - 3 potions of resistance
 z - 10 potions of mutation
 H - 5 potions of heal wounds
 W - a potion of agility
 Y - a potion of flight
Comestibles
 c - 15 bread rations
 g - 31 fruits
 S - 6 royal jellies


   Skills:
 + Level 20.8 Fighting
 - Level 14.0 Polearms
 + Level 20.9 Armour
 + Level 19.4 Dodging
 - Level 5.0 Shields


You had 17 spell levels left.
You didn't know any spells.

Dungeon Overview and Level Annotations

Branches:
Dungeon (14/15)            Temple (0/1) D:4            Lair (6/6) D:9
  Swamp (4/4) Lair:2        Snake (4/4) Lair:2          Orc (2/2) D:11
    Elf (0/3) Orc:2        Vaults (1/5) D:14
  Slime: Lair:5-6

Altars:
Dithmenos
Gozag
Hepliaklqana
Kikubaaqudgha
Nemelex Xobeh
Vehumet
Xom
Zin
The Shining One

Shops:
D:6 (   D:9 (   Orc:1 (   Orc:2 ((!:=

Annotations:
Lair:3 exclusion: 2 oklob plants
Lair:5 exclusion: oklob plant


Innate Abilities, Weirdness & Mutations

You reflexively headbutt those who attack you in melee.
You have a pair of horns on your head.


Message History

Aim: an orc knight, wielding a battleaxe and wearing a chain mail (almost dead, unusually strong)
You are fainting from starvation!
You hit the orc knight. You headbutt the orc knight.
You feel the power of Trog in you as your rage grows.
You kill the orc knight!
Trog accepts your kill.
You lose consciousness!
The orc knight hits you from afar with a bardiche.
* * * LOW HITPOINT WARNING * * *
The orc knight hits you from afar with a bardiche!!
* * * LOW HITPOINT WARNING * * *
The orc knight hits you but does no damage.
The orc knight hits you from afar with a bardiche.
* * * LOW HITPOINT WARNING * * *
The orc knight hits you from afar with a bardiche!
* * * LOW HITPOINT WARNING * * *
The orc knight hits you from afar with a bardiche!!
* * * LOW HITPOINT WARNING * * *
The orc knight hits you from afar with a bardiche!
You die...

#..>..(.#(.. ......#..'(.(
......###.#... #....## ###...
##... #... ##. #...
############...
#########..........####
#....(@('....(.....#...
#.†.#)))#..........#...
#)#.(o#.#..........#...
.#######)).....#..........'...
.......(.#######..........#...
####.....# ############...
#.....# #... #.....# #...
#.(...# #...


You could see an orc knight.

Vanquished Creatures
  Vashnia (Snake:3)
  Jorgrun (Snake:3)
  Rupert (Lair:6)
  Frances (Swamp:1)
  2 thorn hunters
  16 nagarajas
  An azure jelly (Swamp:4)
  The ghost of Otur the Impaler, a journeyman DsBe of Trog (Swamp:1)
  Louise (Snake:2)
  An ironheart preserver (Vaults:1)
  A stone giant (Volcano)
  2 very ugly things
  The ghost of Azzok the Unseen, a journeyman SpEn of Ashenzari (Swamp:1)
  Josephine (Lair:4)
  3 yaktaur captains (Vaults:1)
  28 slime creatures
  10 hydras
  8 vault guards (D:14)
  15 naga warriors
  3 ice dragons (Swamp:4)
  A centaur warrior (D:10)
  22 two-headed ogres
  8 anacondas
  The ghost of Ratty the Nimble, a novice MiBe of Trog (Lair:1)
  A deep troll shaman (Vaults:1)
  A tengu warrior (D:13)
  10 alligators
  8 naga sharpshooters
  3 death yaks (Lair:6)
  4 ogre magi
  5 shock serpents
  An orc high priest (Orc:1)
  Nergalle (Lair:1)
  A salamander mystic (Snake:4)
  A spriggan druid (Swamp:4)
  4 swamp dragons
  6 deep trolls
  4 ironbrand convokers (Vaults:1)
  3 unseen horrors
  2 wizards (Vaults:1)
  3 orc knights (Vaults:1)
  A shambling mangrove (Swamp:1)
  5 naga ritualists
  9 mana vipers
  6 cyclopes
  11 ugly things
  3 wolf spiders (Vaults:1)
  A manticore (D:10)
  7 salamanders
  Joseph (Lair:1)
  Psyche (D:12)
  4 elephants (Lair:6)
  3 vault sentinels (Vaults:1)
  33 black mambas
  13 guardian serpents
  2 gargoyles
  10 naga magi
  18 spiny frogs
  14 komodo dragons
  3 rime drakes (Lair:6)
  An efreet (Volcano)
  4 freezing wraiths (Swamp:4)
  8 yaktaurs (Vaults:1)
  3 meliai (D:13)
  A tengu conjurer (D:13)
  10 trolls
  The ghost of Ruggiaman the Chopper, an amateur DrBe of Trog (D:4)
  5 polar bears
  9 tyrant leeches
  15 blink frogs
  12 hornets
  9 hippogriffs
  12 bog bodies
  8 dream sheep
  6 wraiths
  Sigmund (D:4)
  3 shadows (Swamp:2)
  14 spriggans
  51 yaks
  3 wyverns
  A basilisk (Lair:5)
  A fire elemental (Volcano)
  Grum (D:10)
  A hungry ghost (D:14)
  5 swamp worm simulacra (Swamp:4)
  21 vampire mosquitoes
  7 wargs
  5 insubstantial wisps (Swamp:3)
  21 swamp worms
  Menkaure (D:7)
  An acid dragon (Vaults:1)
  40 nagas
  A swamp worm (shapeshifter) (Vaults:1)
  14 water moccasins
  16 hydra simulacra (Swamp:4)
  8 swamp drakes
  6 porcupines
  4 ice beasts
  3 sky beasts
  3 black bears
  21 orc warriors
  A phantom (D:9)
  An eye of draining (D:14)
  29 ogres
  20 wolves
  14 boggarts
  6 centaurs
  16 crocodiles
  A big kobold (D:9)
  A gnoll sergeant (D:9)
  2 wyvern zombies
  18 bullfrogs
  2 earth elementals (Volcano)
  3 scorpions
  6 killer bees (D:12)
  9 wights
  2 electric eels
  A centaur zombie (D:9)
  2 crimson imps
  2 quasits
  2 bullfrog zombies
  4 centaur skeletons
  11 hounds
  33 orc priests
  3 jellies
  23 orc wizards
  Jessica (D:3)
  Natasha (twice) (D:2)
  Ijyb (D:3)
  4 iguanas
  11 worker ants
  2 hell rats (Lair:5)
  A killer bee zombie (D:5)
  A hound skeleton (D:11)
  3 worker ant zombies
  15 adders
  4 gnolls (D:9)
  4 howler monkey skeletons
  7 river rats (Lair:5)
  4 shadow imps
  An ooze (D:3)
  3 swamp drake simulacra (Swamp:4)
  An adder skeleton (D:5)
  3 worms
  3 dart slugs
  5 leopard geckos
  93 orcs
  3 ball pythons
  3 giant cockroaches
  8 goblins
  5 hobgoblins
  7 jackals
  A quokka (D:2)
  7 bats
  4 frilled lizards
  13 kobolds
  2 leopard gecko zombies
  2 quokka skeletons
  A quokka zombie (D:3)
  11 rats
  A briar patch (Swamp:4)
  A fungus (Lair:3)
1140 creatures vanquished.

Vanquished Creatures (collateral kills)
  Nikola (Snake:3)
  A nagaraja (Snake:4)
  An ogre mage (Orc:2)
  2 naga warriors
  A two-headed ogre (Orc:2)
  3 naga sharpshooters (Snake:3)
  2 naga ritualists (Snake:3)
  An orc knight (Orc:2)
  A mana viper (Snake:3)
  3 guardian serpents (Snake:4)
  2 naga magi
  A black mamba (Snake:3)
  2 trolls (Orc:2)
  6 nagas
  An orc warrior (Orc:2)
  5 ogres (Orc:2)
  2 orc priests (Orc:2)
  An orc wizard (Orc:2)
  2 orcs (Orc:2)
38 creatures vanquished.

Vanquished Creatures (others)
  A boggart (Vaults:1)
  An orc wizard (D:9)
  6 fungi
  5 plants
13 creatures vanquished.

Grand Total: 1191 creatures vanquished

Notes
Turn   | Place    | Note
-------+----------+-------------------------------------------
     0 | D:1      | Morrissey the Minotaur Berserker began the quest for the Orb.
     0 | D:1      | Reached XP level 1. HP: 19/19 MP: 0/0
   207 | D:1      | Reached XP level 2. HP: 27/27 MP: 1/1
   461 | D:2      | Reached XP level 3. HP: 20/33 MP: 2/2
   766 | D:2      | Reached ** piety under Trog
   870 | D:2      | Noticed Natasha
   884 | D:2      | Killed Natasha
   884 | D:2      | Reached XP level 4. HP: 30/41 MP: 3/3
  1182 | D:2      | Noticed Natasha
  1188 | D:2      | Killed Natasha
  1374 | D:3      | Reached skill level 5 in Polearms
  1374 | D:3      | Reached XP level 5. HP: 47/47 MP: 4/4
  1471 | D:3      | Noticed Ijyb
  1487 | D:3      | Killed Ijyb
  1504 | D:3      | Noticed Jessica
  1517 | D:3      | Killed Jessica
  1586 | D:3      | Found a shimmering altar of Xom.
  2098 | D:4      | Reached skill level 5 in Fighting
  2105 | D:4      | Reached *** piety under Trog
  2129 | D:4      | Noticed Ruggiaman's ghost (amateur DrBe)
  2152 | D:4      | Killed Ruggiaman's ghost
  2152 | D:4      | Reached XP level 6. HP: 20/56 MP: 5/5
  2433 | D:4      | Found an ancient bone altar of Kikubaaqudgha.
  2433 | D:4      | Found a radiant altar of Vehumet.
  2433 | D:4      | Found a sparkling altar of Nemelex Xobeh.
  2433 | D:4      | Found a faded altar of an unknown god.
  2433 | D:4      | Found a hazy altar of Hepliaklqana.
  2450 | D:4      | Reached XP level 7. HP: 46/61 MP: 6/6
  2573 | D:4      | Found a staircase to the Ecumenical Temple.
  2625 | D:4      | Found a glowing golden altar of the Shining One.
  2887 | D:4      | Noticed Sigmund
  2900 | D:4      | Killed Sigmund
  2900 | D:4      | Reached skill level 5 in Armour
  3068 | D:5      | Entered Level 5 of the Dungeon
  3421 | D:5      | Found an opulent altar of Gozag.
  3643 | D:6      | Reached skill level 5 in Dodging
  3649 | D:6      | Reached XP level 8. HP: 38/71 MP: 7/7
  4090 | D:6      | Found Qiaximi's Antique Weapon Boutique.
  4439 | D:6      | Reached **** piety under Trog
  4718 | D:6      | Found a glowing silver altar of Zin.
  4752 | D:7      | Noticed Menkaure
  4766 | D:7      | Killed Menkaure
  4780 | D:7      | Got a steaming hunting sling
  4781 | D:7      | Identified the cursed +3 hunting sling of Forr {speed, *Slow Str+2 Stlth+} (You found it on level 7 of the Dungeon)
  5187 | D:7      | Reached XP level 9. HP: 61/79 MP: 8/8
  5848 | D:7      | You fall through a shaft for 3 floors!
  5848 | D:10     | Entered Level 10 of the Dungeon
  5867 | D:10     | Reached skill level 10 in Polearms
  5902 | D:10     | Noticed a manticore
  5923 | D:10     | Killed a manticore
  6298 | D:10     | Reached XP level 10. HP: 73/90 MP: 9/9
  6489 | D:10     | Noticed a centaur warrior
  6497 | D:10     | Killed a centaur warrior
  6497 | D:10     | Reached ***** piety under Trog
  6541 | D:9      | Found a staircase to the Lair.
  7539 | D:8      | Received a gift from Trog
  7696 | D:8      | Upgraded the game from 0.20-a0-792-g09bcfd3 to 0.20-a0-795-ga03948b
  8383 | D:9      | Found Cimmubb's Weapon Shop.
  8616 | D:9      | Reached XP level 11. HP: 99/99 MP: 10/10
  8701 | Lair:1   | Entered Level 1 of the Lair of Beasts
  8708 | Lair:1   | Noticed Ratty's ghost (novice MiBe)
  8732 | Lair:1   | Killed Ratty's ghost
  8732 | Lair:1   | Reached skill level 10 in Fighting
  8783 | Lair:1   | Noticed Nergalle
  8802 | Lair:1   | Killed Nergalle
  9093 | Lair:1   | Noticed Joseph
  9104 | Lair:1   | Killed Joseph
  9337 | Lair:1   | Reached skill level 10 in Armour
 10119 | Lair:2   | Reached skill level 10 in Dodging
 10298 | Lair:2   | Found a staircase to the Snake Pit.
 10510 | Lair:2   | Found a staircase to the Swamp.
 10511 | Lair:2   | Noticed a swamp dragon
 10529 | Lair:2   | Killed a swamp dragon
 10529 | Lair:2   | Reached XP level 12. HP: 110/110 MP: 11/11
 10780 | Lair:2   | Received a gift from Trog
 11114 | Lair:3   | Received a gift from Trog
 11729 | Lair:4   | Noticed Josephine
 11847 | Lair:4   | Killed Josephine
 12224 | Lair:4   | Reached ****** piety under Trog
 12978 | Lair:5   | Reached XP level 13. HP: 113/122 MP: 12/12
 12983 | Lair:5   | Received a gift from Trog
 13676 | Lair:6   | Entered Level 6 of the Lair of Beasts
 14025 | Lair:6   | Received a gift from Trog
 14163 | Lair:6   | HP: 4/124 [polar bear (26)]
 14671 | Lair:6   | Noticed Rupert
 14686 | Lair:6   | Killed Rupert
 14919 | Lair:6   | Received a gift from Trog
 15548 | Lair:6   | Reached XP level 14. HP: 127/133 MP: 13/13
 16215 | D:10     | Noticed Grum
 16228 | D:10     | Killed Grum
 16364 | D:11     | Reached skill level 15 in Fighting
 16459 | D:11     | Found a staircase to the Orcish Mines.
 16996 | Orc:1    | Entered Level 1 of the Orcish Mines
 17138 | Orc:1    | Received a gift from Trog
 17205 | Orc:1    | Reached skill level 15 in Armour
 17717 | Orc:1    | Found Jeusuot's Weapon Boutique.
 17982 | Orc:2    | Entered Level 2 of the Orcish Mines
 18449 | Orc:2    | Found Ystuam's Book Shoppe.
 18454 | Orc:2    | Found Vekix's Antique Weapon Shop.
 18484 | Orc:2    | Found Asiong's Jewellery Emporium.
 18485 | Orc:2    | Found Xoes Gull's Antique Weapon Boutique.
 18485 | Orc:2    | Found Nikky Ymy's Distillery.
 18527 | Orc:2    | Bought an uncursed ring of see invisible for 180 gold pieces
 18606 | Orc:2    | Found a staircase to the Elven Halls.
 18643 | Orc:2    | Found a dark tunnel.
 18672 | Volcano  | Entered a volcano
 18747 | Volcano  | Noticed a stone giant
 18766 | Volcano  | Killed a stone giant
 19345 | D:12     | Found a shadowy altar of Dithmenos.
 19449 | D:12     | Noticed Psyche
 19458 | D:12     | Killed Psyche
 19622 | D:12     | Identified a scroll of acquirement
 20186 | D:13     | Reached skill level 15 in Dodging
 20360 | D:13     | Reached XP level 15. HP: 94/145 MP: 14/14
 20463 | D:13     | Reached skill level 1 in Shields
 21518 | D:14     | Found a gate to the Vaults.
 21665 | D:14     | Reached skill level 5 in Shields
 22082 | D:14     | Received a gift from Trog
 22241 | Snake:1  | Entered Level 1 of the Snake Pit
 23872 | Snake:2  | Noticed Louise
 23927 | Snake:2  | Killed Louise
 24016 | Snake:2  | Found a shimmering altar of Xom.
 24018 | Snake:2  | Noticed a nagaraja
 24047 | Snake:2  | Killed a nagaraja
 24204 | Snake:2  | You fall through a shaft!
 24211 | Snake:3  | Noticed Vashnia
 25134 | Snake:2  | Reached XP level 16. HP: 113/155 MP: 15/15
 25800 | Snake:3  | Killed Vashnia
 26031 | Snake:3  | Received a gift from Trog
 26409 | Snake:3  | Noticed Jorgrun
 26422 | Snake:3  | Killed Jorgrun
 26429 | Snake:3  | Noticed Nikola
 26439 | Snake:3  | Killed Nikola
 26763 | Snake:4  | Entered Level 4 of the Snake Pit
 28353 | Snake:4  | Received a gift from Trog
 28371 | Snake:4  | Reached XP level 17. HP: 86/166 MP: 5/16
 30180 | Snake:4  | Got a serpentine rune of Zot
 30398 | Swamp:1  | Entered Level 1 of the Swamp
 30438 | Swamp:1  | Noticed Otur's ghost (journeyman DsBe)
 30472 | Swamp:1  | Killed Otur's ghost
 30640 | Swamp:1  | Noticed Frances
 30656 | Swamp:1  | Killed Frances
 31207 | Swamp:1  | Noticed Azzok's ghost (journeyman SpEn)
 31269 | Swamp:1  | Killed Azzok's ghost
 31269 | Swamp:1  | Received a gift from Trog
 32560 | Swamp:3  | Received a gift from Trog
 33425 | Swamp:4  | Entered Level 4 of the Swamp
 33542 | Swamp:4  | Reached XP level 18. HP: 144/178 MP: 5/17
 34067 | Swamp:4  | Received a gift from Trog
 34824 | Swamp:4  | Got a decaying rune of Zot
 35207 | Vaults:1 | Entered Level 1 of the Vaults
 35219 | Vaults:1 | Received a gift from Trog
 35841 | Vaults:1 | Paralysed by an ogre mage for 6 turns
 35853 | Vaults:1 | Received a gift from Trog
 36607 | Vaults:1 | Received a gift from Trog
 36655 | Vaults:1 | Paralysed by fainting for 11 turns
 36663 | Vaults:1 | HP: 1/270 [orc knight/bardiche (23)]
 36664 | Vaults:1 | Mangled by an orc knight

Vault maps used:
D:1:      dpeg_arrival_rooms_c
D:2:      uniq_natasha
D:3:      lemuel_coloured_pillars_altar, uniq_jessica, uniq_iyjb
D:4:      nicolae_tso_swordbearing_angel, chequers_temple_overflow_minitemple,
          minmay_temple_entry_from_below_b, sigmund_army
D:5:      basic_altar, first_bread
D:6:      kennysheep_little_box, serial_shops, shop,
          hangedman_abyss_or_decor_passed
D:7:      kennysheep_generic_room_8, uniq_menkaure
D:8:      serial_curves, eino_curves_02, eino_curves_02
D:9:      erik_lair_orcish_takeover, serial_shops, kennysheep_mini,
          nicolae_wwwww
D:10:     the_bakery, uniq_grum
D:11:     david_orc_2, glass_columns_b, serial_bayou_ford_a
D:12:     grunt_dithmenos_smoke, uniq_psyche
D:14:     erik_vaults_2
Lair:1:   beast_lair_carwin_10, lemuel_fruit_tree, uniq_joseph, uniq_nergalle
Lair:2:   minmay_swamp_entry_reptiles, minmay_snake_entry_guardpost_medium,
          serial_bayou, serial_bayou_pond_a, serial_bayou_pond_a,
          serial_bayou_pond_b, serial_bayou_shore_b
Lair:3:   grunt_megastairs_4, infiniplex_staircase_pool,
          minmay_lair_oklob_chamber
Lair:4:   bh_autumn_forest_stairs, beast_lair_carwin_2, uniq_josephine
Lair:5:   minmay_slime_entry_oklob_enclosed, grunt_forest_stairs_basic,
          kennysheep_rathole
Lair:6:   minmay_lair_end_enchanted_forest, serial_bayou_crossing,
          grunt_megastairs_2, uniq_rupert
Swamp:1:  hangedman_swamp_ruin_wall, swamp_pool4, uniq_frances
Swamp:2:  evilmike_swamp_ruin_house_1, swamp_pool4, ldierk_geyser,
          cheibrodos_swamp_minitomb
Swamp:3:  cheibrodos_swamp_heart_of_darkness, infiniplex_staircase_pool_2
Swamp:4:  swamp_icy, swamp_pool1
Snake:2:  basic_altar, spider_trap, uniq_louise
Snake:3:  grunt_ministairs_5, uniq_nikola, uniq_vashnia, uniq_jorgrun
Snake:4:  snake_hunt, st_stairs_14
Orc:1:    serial_shops, shop, mines2_lemuel
Orc:2:    st_orc_open, serial_shops, nicolae_shop_behind_doors,
          nicolae_volcano_entry_lava_flow
Vaults:1: nicolae_vaults_angled_halls, vaults_mumra_hexcomb, v_misc_4,
          nicolae_vaults_three_branches, hangedman_vaults_snaps,
          vaults_dpeg_encased_lava, nicolae_vaults_angled_halls,
          grunt_vaults_twisty, nicolae_vaults_little_squares_1,
          vaults_room_pools, hangedman_vaults_stitches, ontoclasm_vaults_bender,
          ontoclasm_vaults_pinch, vaults_dpeg_ring, ontoclasm_vaults_hangar,
          nicolae_vaults_asterisk, serial_shops, nicolae_shop_behind_doors
Volcano:  volcano_pools

Skill      XL: |  1  2  3  4  5  6  7  8  9 10 11 12 13 14 15 16 17 18 |
---------------+-------------------------------------------------------+-----
Fighting       | 4 5 6 7 8 9 11 13 14 16 17 18 20 | 20.8
Polearms       | 4 5 6 7 9 11 13 14 | 14.0
Armour         | 3 4 5 6 8 9 11 12 14 16 17 18 20 | 20.9
Dodging        | 3 4 5 6 7 8 10 12 13 15 16 17 18 19 | 19.4
Shields        | 5 |  5.0

Action                   |  1- 3 |  4- 6 |  7- 9 | 10-12 | 13-15 | 16-18 || total
-------------------------+-------+-------+-------+-------+-------+-------++-------
Melee: Spear             |    86 |   148 |   313 |       |       |       ||   547
       Headbutt          |    15 |    25 |    84 |   170 |   332 |   349 ||   975
       Trident           |       |       |   103 |   869 |  1484 |   459 ||  2915
       Halberd           |       |       |       |       |     2 |       ||     2
       Demon trident     |       |       |       |       |    59 |  1304 ||  1363
 Fire: Hunting sling     |       |       |     5 |       |       |       ||     5
Throw: Throwing net      |       |       |       |       |     1 |       ||     1
Invok: Berserk           |     1 |     1 |     4 |    14 |    13 |    17 ||    50
       Trog's Hand       |       |       |     1 |     2 |    10 |     4 ||    17
       Burn Spellbooks   |       |       |       |     4 |     1 |       ||     5
       Brothers in Arms  |       |       |       |       |     3 |     5 ||     8
Evoke: Wand              |       |       |       |     2 |     3 |       ||     5
  Use: Scroll            |       |       |     2 |     6 |    25 |    15 ||    48
       Potion            |       |       |       |     2 |     5 |       ||     7
 Stab: Sleeping          |     1 |       |       |       |       |       ||     1
       Distracted        |       |     1 |       |       |       |     3 ||     4
  Eat: Chunk             |       |     5 |    15 |    20 |    35 |     4 ||    79
       Royal jelly       |       |     1 |     1 |       |     1 |       ||     3
       Meat ration       |       |       |       |     3 |     6 |     9 ||    18
       Fruit             |       |       |       |       |       |     1 ||     1
Armor: Animal skin       |     7 |     4 |       |       |       |       ||    11
       Scale mail        |       |    24 |    24 |       |       |       ||    48
       Chain mail        |       |       |    52 |       |       |       ||    52
       Ring mail         |       |       |    21 |   139 |   252 |   201 ||   613
Dodge: Dodged            |    33 |    35 |   131 |   325 |   755 |   788 ||  2067
Block: Buckler           |       |       |       |       |    80 |   318 ||   398
